 Dungeon Crawl Stone Soup version 0.21.1-1-g345015f (webtiles) character file.

2472 sking99 the Cleaver (level 9, -5/71 HPs)
             Began as a Hill Orc Monk on June 24, 2018.
             Was a Priest of Beogh.
             Shot with an arrow by a centaur (8 damage)
             ... on level 7 of the Dungeon.
             The game lasted 00:16:03 (6144 turns).

sking99 the Cleaver (Hill Orc Monk)                 Turns: 6144, Time: 00:16:03

Health: -5/71      AC: 13    Str: 14    XL:     9   Next: 51%
Magic:  14/14      EV:  7    Int: 10    God:    Beogh [***...]
Gold:   335        SH:  0    Dex: 16    Spells: 8/8 levels left

rFire    . . .     SeeInvis .   a - +1 hand axe
rCold    . . .     Gourm    .   (no shield)
rNeg     . . .     Faith    .   D - +0 chain mail
rPois    .         Spirit   .   d - +1 helmet
rElec    .         Reflect  .   p - +0 cloak
rCorr    .         Harm     .   l - +0 pair of gloves
MR       .....                  o - +0 pair of boots
Stlth    ..........             (no amulet)
HPRegen  0.21/turn              (no ring)
MPRegen  0.14/turn              (no ring)

@: very slightly contaminated, invisible
A: no striking features
a: Smiting, Renounce Religion


You were on level 7 of the Dungeon.
You worshipped Beogh.
Beogh was most pleased with you.
You were near starving.

You visited 1 branch of the dungeon, and saw 7 of its levels.

You collected 335 gold pieces.

Inventory:

Hand Weapons
 a - a +1 hand axe (weapon)
Armour
 b - a +0 robe
 d - a +1 helmet (worn)
 e - a +0 ring mail
 l - a +0 pair of gloves (worn)
 o - a +0 pair of boots (worn)
 p - a +0 cloak (worn)
 D - a +0 chain mail (worn)
Jewellery
 h - a +3 ring of strength {unknown}
 i - a +3 ring of intelligence {unknown}
 n - an uncursed ring of resist corrosion {unknown}
 u - an uncursed ring of protection from magic {unknown}
 F - an uncursed ring of flight {unknown}
Wands
 f - a wand of polymorph (13)
Scrolls
 g - 4 scrolls of remove curse {unknown}
 q - a scroll of fear
 t - 2 scrolls of identify
 x - 2 scrolls of teleportation
 y - a scroll of fog {unknown}
 z - a scroll of amnesia
 C - a scroll of blinking {unknown}
 E - a scroll of acquirement {unknown}
Potions
 j - 2 potions of ambrosia {unknown}
 k - 2 potions of curing {unknown}
 m - 2 potions of mutation {unknown}
 r - a potion of invisibility
 s - 2 potions of haste {unknown}
 v - 2 potions of lignification {unknown}
 A - a potion of cancellation {unknown}
 B - a potion of berserk rage {unknown}
Books
 w - Kikubaaqudgha's Compendium of Black Rites
   (You found it on level 4 of the Dungeon)

   Spells                             Type                      Level
   a - Pain                           Necromancy                   1
Comestibles
 c - 8 rations


   Skills:
 + Level 4.1 Fighting
 - Level 14.2 Axes
 + Level 1.3 Armour
 - Level 2.4 Dodging
 - Level 1.5 Stealth
 - Level 7.0 Invocations


You had 8 spell levels left.
You didn't know any spells.

Dungeon Overview and Level Annotations

Branches:
Dungeon (7/15)             Temple (0/1) D:4

Altars:
Kikubaaqudgha
Sif Muna
Vehumet


Message History

Your chain mail prevents you from hitting the hog.
The hog barely misses you. The hog bites you but does no damage.
The centaur wields a shortbow.
The centaur shoots an arrow.
The arrow hits you.
* * * LOW HITPOINT WARNING * * *
It was a potion of invisibility.
You fade into invisibility!
You are near starving!
The hog bites you.
* * * LOW HITPOINT WARNING * * *
The hog barely misses you.
The centaur shoots an arrow.
The arrow hits you but does no damage. The hog bites you but does no damage.
You are very lightly contaminated with residual magic.
Okay, then.
The centaur shoots an arrow.
The arrow hits the hog.
The hog bites you but does no damage.
The centaur shoots an arrow.
The arrow closely misses you.
The centaur shoots an arrow.
The arrow hits you.
* * * LOW HITPOINT WARNING * * *
The centaur shoots an arrow.
The arrow hits you!
You die...

#.......####### .........
#......c#.....# ........
#.......#.....# .......#
#.......###'### .......#
#.......#†.).%# .......#
###...>..h(...%%# .......#
#.......p.#######
.......####.####.h.....#
................@......#
.##.#................#.#
.##..##............##.....
.'...#.#..........#.#.....
.##...#.##......##.#.......
.##....##.#....#.##....(...
.##....#.#.#..#.#.#.......
.##.....#.##..##.#.......
.##......##....##........


You could see 2 hogs, a human and a centaur.

Vanquished Creatures
  The ghost of snakesoul the Poker, a novice DsFi of Yredelemnul (D:5)
  The ghost of snakesoul the Poker, an amateur MfSk (D:4)
  Grinder (D:4)
  The ghost of grocchini the Cudgeler, an amateur NaWr (D:3)
  2 hogs (D:7)
  A hungry ghost (D:7)
  2 water moccasins (D:6)
  An ice beast (D:5)
  A phantom (D:4)
  2 ogres (D:6)
  A wyvern zombie (D:6)
  A howler monkey (D:4)
  A bullfrog zombie (D:5)
  A crimson imp (D:6)
  2 orc priests
  A hound (D:6)
  2 orc wizards
  2 iguanas
  4 worker ants
  A hound skeleton (D:6)
  3 gnolls
  10 adders
  A shadow imp (D:6)
  2 worms
  2 dart slugs
  7 leopard geckos
  17 orcs
  5 bats
  9 giant cockroaches
  6 goblins
  7 hobgoblins
  4 kobolds (D:2)
  2 quokkas
  4 frilled lizards
  A leopard gecko zombie (D:5)
  4 rats
113 creatures vanquished.

Vanquished Creatures (others)
  3 orcs (D:3)
  A giant cockroach (D:3)
4 creatures vanquished.

Grand Total: 117 creatures vanquished

Notes
Turn   | Place    | Note
-------+----------+-------------------------------------------
     0 | D:1      | sking99 the Hill Orc Monk began the quest for the Orb.
     0 | D:1      | Reached XP level 1. HP: 19/19 MP: 1/1
   396 | D:1      | Reached XP level 2. HP: 26/26 MP: 2/2
   660 | D:2      | Reached skill level 5 in Axes
   791 | D:2      | Reached XP level 3. HP: 29/31 MP: 3/3
   936 | D:2      | Reached skill level 6 in Axes
  1053 | D:2      | Reached XP level 4. HP: 32/39 MP: 4/4
  1724 | D:3      | Became a worshipper of Beogh the Brigand
  1724 | D:3      | Reached * piety under Beogh
  1724 | D:3      | Reached ** piety under Beogh
  1775 | D:3      | Noticed grocchini's ghost (amateur NaWr)
  1810 | D:3      | Killed grocchini's ghost
  1810 | D:3      | Reached skill level 8 in Axes
  1810 | D:3      | Reached XP level 5. HP: 3/45 MP: 4/6
  1810 | D:3      | Reached XP level 6. HP: 4/51 MP: 4/7
  2557 | D:4      | Noticed a phantom
  2577 | D:4      | Noticed snakesoul's ghost (amateur MfSk)
  2723 | D:4      | Killed snakesoul's ghost
  2723 | D:4      | Reached skill level 9 in Axes
  2723 | D:4      | Reached XP level 7. HP: 21/57 MP: 8/10
  3020 | D:4      | Found a staircase to the Ecumenical Temple.
  3068 | D:4      | Noticed Grinder
  3079 | D:4      | Killed Grinder
  3079 | D:4      | Reached skill level 10 in Axes
  3079 | D:4      | Reached skill level 5 in Invocations
  3094 | D:4      | Reached XP level 8. HP: 23/64 MP: 2/12
  3606 | D:4      | Found an ancient bone altar of Kikubaaqudgha.
  3607 | D:4      | Found a radiant altar of Vehumet.
  3608 | D:4      | Found a deep blue altar of Sif Muna.
  3612 | D:4      | Identified Kikubaaqudgha's Compendium of Black Rites
  3751 | D:5      | Entered Level 5 of the Dungeon
  3955 | D:5      | Noticed snakesoul's ghost (novice DsFi)
  4018 | D:5      | Killed snakesoul's ghost
  4018 | D:5      | Reached skill level 11 in Axes
  4726 | D:6      | Reached skill level 12 in Axes
  5141 | D:6      | Reached XP level 9. HP: 44/70 MP: 14/14
  5144 | D:6      | Reached skill level 13 in Axes
  5442 | D:6      | Reached *** piety under Beogh
  6129 | D:7      | Reached skill level 14 in Axes
  6131 | D:7      | Reached skill level 1 in Armour
  6144 | D:7      | HP: 3/71 [centaur/arrow (5)]
  6144 | D:7      | Shot with an arrow by a centaur

Skill      XL: |  1  2  3  4  5  6  7  8  9 |
---------------+----------------------------+-----
Axes           | 5 6 8 9 10 12 14 | 14.2
Invocations    | 2 4 5 7 |  7.0
Fighting       | 4 |  4.1
Armour         | 1 |  1.3
Dodging        | |  2.4
Stealth        | |  1.5

Action                   |  1- 3 |  4- 6 |  7- 9 || total
-------------------------+-------+-------+-------++-------
Melee: Hand axe          |    97 |   193 |   384 ||   674
Invok: Convert to Beogh  |       |     1 |       ||     1
       Smiting           |       |       |     5 ||     5
  Use: Potion            |       |     1 |     4 ||     5
       Scroll            |       |     7 |       ||     7
 Stab: Sleeping          |     2 |     1 |       ||     3
  Eat: Chunk             |       |     5 |     8 ||    13
       Ration            |       |       |     2 ||     2
Armor: Ring mail         |    52 |    82 |    58 ||   192
       Chain mail        |       |       |   107 ||   107
Dodge: Dodged            |    55 |    98 |   128 ||   281
